 Dungeon Crawl Stone Soup version 0.27.1-3-gb3d3a73c9e (webtiles) character file.

Game seed: 15541004336450367233

19 Rastanax the Shield-Bearer (level 2, -3/24 HPs)
             Began as a Formicid Fighter on Oct 6, 2021.
             Killed from afar by a white imp (5 damage)
             ... with a puff of frost
             ... summoned by Natasha
             ... on level 2 of the Dungeon.
             The game lasted 00:01:53 (981 turns).

Rastanax the Shield-Bearer (Formicid Fighter)        Turns: 981, Time: 00:01:54

Health: -3/24      AC:  6    Str: 20    XL:     2   Next: 95%
Magic:  2/2        EV:  8    Int:  7    God:
Gold:   58         SH:  9    Dex: 10    Spells: 1/1 levels left

rFire    . . .     SeeInvis +   a - +0 long sword
rCold    . . .     Faith    .   c - +0 kite shield
rNeg     + . .     Spirit   .   b - +0 scale mail
rPois    .         Reflect  .   (helmet unavailable)
rElec    .         Harm     .   (no cloak)
rCorr    .         Rampage  .   (no gloves)
Will     .....                  (no boots)
Stlth    ..........             j - amulet of regeneration
HPRegen  1.08/turn              e - ring of positive energy
MPRegen  0.08/turn              (no ring)

@: no status effects
A: permanent stasis, dig shafts and tunnels, antennae 3, four strong arms
a: Dig, Shaft Self


You were on level 2 of the Dungeon.
You visited 1 branch of the dungeon, and saw 2 of its levels.

You collected 58 gold pieces.

Inventory:

Hand Weapons
 a - a +0 long sword (weapon)
Missiles
 i - 28 poisoned darts
Armour
 b - a +0 scale mail (worn)
 c - a +0 kite shield (worn)
Jewellery
 e - a ring of positive energy (left hand)
 g - an amulet of faith
 j - an amulet of regeneration (around neck)
Scrolls
 f - a scroll of enchant armour {unknown}
 h - a scroll of identify {unknown}
Potions
 d - 2 potions of might
 k - 3 potions of heal wounds {unknown}


   Skills:
 - Level 3.2 Fighting
 + Level 2.4 Long Blades
 + Level 3.6 Armour
 + Level 4.1 Shields


You had one spell level left.
You didn't know any spells.
Your spell library was empty.

Dungeon Overview and Level Annotations

Branches:
Dungeon (2/15)

Altars:

Shops:
D:1 =

Annotations:
D:2 Natasha


Innate Abilities, Weirdness & Mutations

You cannot be hasted, slowed, berserked, paralysed or teleported.
You can dig through walls and to a lower floor.
You have a pair of large antennae on your head. (SInv)
Your four strong arms can wield two-handed weapons with a shield.


Message History

You closely miss Natasha.
Natasha is heavily wounded.
Natasha mumbles some strange words.
The white imp hits you. The white imp freezes you.
Natasha claws you but does no damage.
You barely miss Natasha.
Natasha is heavily wounded.
The white imp hits you but does no damage.
Natasha claws you.
The crimson imp hits you but does no damage.
You barely miss Natasha.
Natasha is heavily wounded.
The white imp gestures at you. The puff of frost hits you!
* * * LOW HITPOINT WARNING * * *
Natasha claws you but does no damage. The crimson imp spits at you.
The crimson imp blinks!
The white imp barely misses you.
You riposte.
You hit the white imp.
The white imp is heavily wounded.
Natasha barely misses you.
You riposte.
You hit Natasha.
Natasha is severely wounded.
You completely miss Natasha.
Natasha is severely wounded.
The white imp barely misses you. Natasha claws you.
* * * LOW HITPOINT WARNING * * *
You completely miss Natasha.
Natasha is severely wounded.
The white imp gestures at you. The puff of frost hits you.
* * * LOW HITPOINT WARNING * * *
Natasha claws you but does no damage. You block the white imp's attack.
Natasha closely misses you.
You hit Natasha.
Natasha is almost dead.
You block the crimson imp's attack.
The white imp disappears for a moment.
The white imp gestures at you. The puff of frost hits you.
You die...

#####...# #.###.....#
#.#.## ####.#.......#
#.#..###....†.#.....#
#........##.###.....#
#..#.....##.# #.....#
#####..#.....##.# #.....#
.............##†# #.....#
........#######5#########
.#####.## #..@h.?..# ..#
#.# #...5....# #).###†#
#........# #..##.#
#........#
###<##.#######........#
......................#
###........###........#
###......# #........#
##.....#


You could see Natasha, a crimson imp (summoned) and a white imp (summoned).

Vanquished Creatures
  6 ball pythons
  A bat (D:2)
  2 endoplasms (D:1)
  A goblin (D:1)
  2 hobgoblins
  2 kobolds
  A quokka (D:1)
  2 frilled lizards
17 creatures vanquished.

Notes
Turn   | Place    | Note
-------+----------+-------------------------------------------
     0 | D:1      | Rastanax the Formicid Fighter began the quest for the Orb.
     0 | D:1      | Reached XP level 1. HP: 18/18 MP: 1/1
   305 | D:1      | Reached XP level 2. HP: 16/24 MP: 2/2
   414 | D:1      | Found Jaasimar's Jewellery Shoppe.
   786 | D:1      | Reached skill level 4 in Shields
   967 | D:2      | Noticed Natasha
   977 | D:2      | Noticed a crimson imp
   979 | D:2      | HP: 1/24 [Natasha (5)]
   981 | D:2      | Killed from afar by a white imp

Illustrated notes

Levels and vault maps discovered:
D:1:      dpeg_arrival_court, layout_loops_ring, serial_shops, shop,
          serial_glass, glass_columns_a, glass_columns_c,
          minmay_strange_pillars, due_unseen_surprise, chequers_jeans
D:2:      layout_rooms, uniq_terence, uniq_natasha, uniq_robin

Skill      XL: |  1  2 |
---------------+-------+-----
Shields        | 4 |  4.1
Fighting       | |  3.2
Long Blades    | |  2.4
Armour         | |  3.6

Action                   || total
-------------------------++-------
Melee: Long sword        ||    55
Armor: Scale mail        ||    18
Dodge: Dodged            ||    20
Block: Kite shield       ||    26
       Rpst.: Long sword ||    10
